 Dungeon Crawl Stone Soup version 0.28-a0-828-g0121872642 (webtiles) character file.

Game seed: 8935066400206883165

901 YakumoRising the Skirmisher (level 7, -2/63 HPs)
             Began as a Minotaur Fighter on Nov 11, 2021.
             Was a Priest of Okawaru.
             Killed by divine providence
             ... invoked by an orc priest
              (12 damage)
             ... on level 5 of the Dungeon.
             The game lasted 00:20:13 (4428 turns).

YakumoRising the Skirmisher (Minotaur Fighter)      Turns: 4428, Time: 00:20:13

Health: -2/63      AC: 21    Str: 22    XL:     7   Next: 80%
Magic:  6/6        EV:  6    Int:  3    God:    Okawaru [***...]
Gold:   255        SH:  5    Dex: 10    Spells: 6/6 levels left

rFire   . . .      SeeInvis .   q - +2 long sword (protect)
rCold   . . .      Faith    .   c - +0 buckler
rNeg    . . .      Spirit   .   f - +0 plate armour
rPois   .          Reflect  .   (helmet restricted)
rElec   .          Harm     .   (no cloak)
rCorr   .          Rampage  .   e - +0 pair of gloves
Will    .....                   (no boots)
Stlth   ..........              (no amulet)
HPRegen 0.20/turn               (no ring)
MPRegen 0.10/turn               (no ring)

@: mighty, under a protective aura
A: horns 2, retaliatory headbutt, dopey 1, subdued magic 1
a: Renounce Religion, Heroism


You were on level 5 of the Dungeon.
You worshipped Okawaru.
Okawaru was most pleased with you.
You visited 1 branch of the dungeon, and saw 5 of its levels.

You collected 255 gold pieces.

Inventory:

Hand Weapons
 a - a +0 war axe
 j - a +3 dagger of venom
 k - a +0 short sword of electrocution
 q - a +2 long sword of protection (weapon)
Missiles
 g - 39 bolts
 l - 85 stones (quivered)
 p - 25 poisoned darts
Armour
 c - a +0 buckler (worn)
 e - a +0 pair of gloves (worn)
 f - a +0 plate armour (worn)
Scrolls
 m - 2 scrolls of magic mapping
 o - a scroll of fog
Potions
 b - a potion of attraction {unknown}
 d - a potion of might
 h - 2 potions of lignification {unknown}
 i - a potion of invisibility {unknown}
 n - a potion of cancellation {unknown}
 r - a potion of curing {unknown}


   Skills:
 + Level 6.3 Fighting
 - Level 3.7(4.2) Short Blades
 + Level 3.4(4.3) Long Blades
 - Level 2.8 Axes
 + Level 6.2 Armour
 + Level 6.2 Shields


You had 6 spell levels left.
You didn't know any spells.
Your spell library contained the following spells:

 Spells                   Type           Power      Damage    Failure   Level
 Magic Dart               Conj           0%         1d3       100%        1
 Ensorcelled Hibernation  Hex/Ice        0%         N/A       100%        2
 Searing Ray              Conj           0%         2d4       100%        2
 Dazzling Flash           Conj/Hex       0%         N/A       100%        3
 Ignite Poison            Fire/Tmut/Pois 0%         N/A       100%        3
 Mephitic Cloud           Conj/Pois/Air  0%         N/A       100%        3
 Fulminant Prism          Conj/Hex       0%         3d6       100%        4
 Agony                    Necr           0%         N/A       100%        5
 Freezing Cloud           Conj/Ice/Air   0%         6-21      100%        5
 Silence                  Hex/Air        0%         N/A       100%        5
 Tukima's Dance           Hex            Unusable   N/A       N/A         3

Dungeon Overview and Level Annotations

Branches:
Dungeon (5/15)
 Temple: D:4-7

Altars:
Elyvilon
Okawaru
The Shining One


Innate Abilities, Weirdness & Mutations

You have a pair of horns on your head.
You reflexively headbutt those who attack you in melee.
You are dopey. (Int -2)
Your spells are a little easier to cast, but a little less powerful.


Message History

Your Armour skill increases to level 6!
Your Shields skill increases to level 6!
You closely miss the gnoll shaman.
The gnoll shaman hits you with a +0 club.
You block the gnoll shaman's attack.
You hit the gnoll shaman.
The gnoll shaman is lightly wounded.
The gnoll shaman hits you but does no damage.
You hit the gnoll shaman.
The gnoll shaman is heavily wounded.
The gnoll shaman hits you but does no damage.
You slice the gnoll shaman!!
You kill the gnoll shaman!
Okawaru accepts your kill.
The centaur shoots an arrow.
The arrow hits you!
* * * LOW HITPOINT WARNING * * *
The gnoll hits you from afar with a +0 halberd.
* * * LOW HITPOINT WARNING * * *
The centaur unwields a +0 shortbow.
The centaur barely misses you. You furiously retaliate!
You headbutt the centaur!
The centaur kicks you but does no damage.
You block the gnoll's attack.
The centaur hits you but does no damage.
The centaur kicks you but does no damage.
Things that are here:
a +0 club; a +0 robe; a gnoll corpse You barely miss the centaur.
The centaur is severely wounded.
The gnoll hits you from afar with a +0 halberd.
* * * LOW HITPOINT WARNING * * *
The centaur barely misses you. The centaur closely misses you.
You block the gnoll's attack.
You barely miss the centaur. You headbutt the centaur.
You kill the centaur!
Okawaru accepts your kill.
The gnoll hits you from afar with a +0 halberd.
* * * LOW HITPOINT WARNING * * *
The orc priest invokes the aid of Beogh against you.
Beogh smites you!
You die...

.....
#.[####+#######
#.[..........#
#.).....####.#
#.....<.# #.#
##...g..# #.#
#....g.# #.#
#......####.#
#.?.......#@#
#.........#)###
###+#.#o..go..#
............#
#...[........#
...........!..#
...............#
.......#.......#
+#.#......(...#


You could see an orc priest and a gnoll (fast).

Vanquished Creatures
  A shadow (D:5)
  2 ogres (D:4)
  A necrophage (D:4)
  A centaur (D:5)
  Blork the orc (D:4)
  2 scorpions (D:4)
  A jelly (D:4)
  An orc priest (D:4)
  A gnoll shaman (D:5)
  A scorpion zombie (D:3)
  An iguana (D:5)
  An orc wizard (D:4)
  2 gnolls (D:4)
  2 adders
  A white imp (D:5)
  An adder skeleton (D:4)
  A worm (D:3)
  2 dart slugs
  11 orcs
  4 ball pythons
  5 bats
  5 endoplasms
  4 giant cockroaches
  9 goblins
  3 hobgoblins
  4 jackals (D:3)
  6 quokkas
  4 frilled lizards
  9 kobolds
  4 rats
91 creatures vanquished.

Notes
Turn   | Place    | Note
-------+----------+-------------------------------------------
     0 | D:1      | YakumoRising the Minotaur Fighter began the quest for the
                  | Orb.
     0 | D:1      | Reached XP level 1. HP: 19/19 MP: 0/0
    99 | D:1      | Reached XP level 2. HP: 27/27 MP: 1/1
   846 | D:2      | Found a faded altar of an unknown god.
   856 | D:2      | Prayed at the altar of an unknown god.
   856 | D:2      | Became a worshipper of Warmaster Okawaru
   856 | D:2      | Reached * piety under Okawaru
  1024 | D:2      | Reached skill level 1 in Short Blades
  1024 | D:2      | Reached XP level 3. HP: 26/33 MP: 2/2
  1383 | D:3      | Found a white marble altar of Elyvilon.
  1832 | D:3      | Reached XP level 4. HP: 40/40 MP: 3/3
  2297 | D:3      | Found a glowing golden altar of the Shining One.
  3037 | D:3      | Gained mutation: Your spells are a little easier to cast,
                  | but a little less powerful. [potion of mutation]
  3037 | D:3      | Gained mutation: You are dopey. (Int -2) [potion of
                  | mutation]
  3247 | D:4      | Noticed Blork the orc
  3255 | D:4      | Killed Blork the orc
  3255 | D:4      | Reached ** piety under Okawaru
  3256 | D:4      | Reached XP level 5. HP: 28/47 MP: 4/4
  3438 | D:4      | Noticed an ogre
  3446 | D:4      | Killed an ogre
  3447 | D:4      | Reached XP level 6. HP: 39/55 MP: 5/5
  3470 | D:4      | Reached skill level 5 in Fighting
  3470 | D:4      | Reached skill level 5 in Armour
  3631 | D:4      | Reached skill level 5 in Shields
  3758 | D:4      | Reached skill level 1 in Long Blades
  3864 | D:4      | Reached XP level 7. HP: 61/61 MP: 6/6
  4046 | D:5      | Entered Level 5 of the Dungeon
  4060 | D:5      | Noticed a shadow
  4081 | D:4      | Reached *** piety under Okawaru
  4421 | D:5      | Killed a shadow
  4428 | D:5      | Killed from afar by an orc priest

Illustrated notes

Levels and vault maps discovered:
D:1:      sevenhm_arrival_forest_fort_large_4, layout_rooms,
          hangedman_decor_riveting, st_stairs_9
D:2:      layout_loops_ring, basic_ecumenical_altar
D:3:      layout_basic, mainiacjoe_overflow_24_doors, elyvilon_altar_5,
          grunt_decor_clamped, fountainhead, minmay_starry_boxes
D:4:      layout_cave_pools, wad_floor_pattern_1, skrybe_limestone_x,
          kennysheep_generic_room_10, uniq_blork_the_orc
D:5:      layout_basic, nicolae_uskayaw_suspiria, nzn_wu_jian_contemplation,
          minmay_temple_entry_enclosed_plants, uniq_sigmund

Skill      XL: |  1  2  3  4  5  6  7 |
---------------+----------------------+-----
Fighting       | 4 5 6 |  6.3
Shields        | 4 5 6 |  6.2
Armour         | 4 5 6 |  6.2
Short Blades   | 1 2 3 |  3.7
Long Blades    | 1 3 |  3.4
Axes           | |  2.8

Action                   |  1- 3 |  4- 6 |  7- 9 || total
-------------------------+-------+-------+-------++-------
Melee: War axe           |    19 |       |       ||    19
       Headbutt          |    15 |    22 |     5 ||    42
       Dagger            |    65 |    45 |       ||   110
       Long sword        |       |    33 |    41 ||    74
Invok: Heroism           |       |     1 |     1 ||     2
  Use: Scroll            |     2 |     6 |       ||     8
       Potion            |       |     2 |     1 ||     3
Armor: Scale mail        |    24 |       |       ||    24
       Plate armour      |     5 |    40 |    35 ||    80
Dodge: Dodged            |    21 |    15 |    19 ||    55
Block: Buckler           |    11 |    12 |    19 ||    42

Table legend: (Time is in decaauts)
 A = Elapsed time spent in this place.
 B = Non-inter-level travel time spent in this place.
 C = Inter-level travel time spent in this place.
 D = Time resting spent in this place.
 E = Time spent auto-exploring this place.
 F = Levels seen in this place.
 G = Mean time per level.
                   A        B        C        D        E       F      G
               +--------+--------+--------+--------+--------+-----+--------+
         Total |   4441 |   4441 |      0 |   1263 |   2246 |   5 |  888.2 |
       Dungeon |   4441 |   4441 |      0 |   1263 |   2246 |   5 |  888.2 |
               +--------+--------+--------+--------+--------+-----+--------+

Top non-repeatable levels by time:
     D:3: 1857 daAuts
     D:4: 1141 daAuts
     D:2: 708 daAuts
     D:1: 674 daAuts
     D:5: 59 daAuts
